Match 41487175
Unlisted

Match 41487175
End
Kradschützen Motorcycle Team
Selects Battlefield Espionage Battlegroup
Panzergrenadier Squad
Panzergrenadier Squad
Panzergrenadier Squad
Construct Light Support Kompanie
Selects Intel Disruption Beacon
Fire Support Elements
2.5-tonne Medical Truck
Selects 250/3 Funkpanzerwagen
le.IG 18 Mechanized Group
Panzerpioneer Squad
Veteran Squad Leaders
Selects Anti-Tank Incendiary Munitions
Pak 38 Anti-tank Gun Team
Construct Mechanized Kompanie
Selects Plunder
18-tonne Recovery Half-track
254 Reconnaissance Tractor
Construct Panzerarmee Kommand
Selects Firestorm
Firestorm
2.5-tonne Medical Truck
Panzergrenadier Squad
Armored Reserves
Selects Operation Skorpion
Tiger Heavy Tank
Firestorm
Rapid Advance
Tiger Heavy Tank
Tungsten Core Ammunition
MysteryRanch79
AMRANGER
Saimin MG
八佰
wila
LittleFatty233
FlagHeros
JOJO
0
0

Comments sign in to comment!

No comments posted yet!